cohdb
Replays
Latest Replays
All Replays
Popular Replays
Top Player Replays
Match Explorer
How It Works
Community
CoH3 Stats
Reddit
Sign in to upload your games and track your stats! →
Sign in with Steam
Match 43859379
Unlisted
Match 43859379
Overview
Messages
Build Orders
End
Engineer Squad
Construct Barracks
1⁄4-ton 4x4 Truck
Selects Armored Battlegroup
Selects Veteran Crews
1⁄4-ton 4x4 Truck
M1 Mortar Team
Construct Medical Station
1⁄4-ton 4x4 Truck
Air Support Center
Construct Tank Depot
Grasshopper Recon Run
Construct Weapon Support Center
Bazooka Squad
Grasshopper Recon Run
1⁄4-ton 4x4 Truck
Selects Strength in Steel
Selects M8 Scott SPG
Selects Strength in Steel
Selects M8 Scott SPG
Selects UNKNOWN (2160077)
M4A3E8 Sherman Easy Eight
Grasshopper Recon Run
M4A3E8 Sherman Easy Eight
concrusher
Prohor
QuickshotCoyote
董
Dog
=BiA=Templaar
Halokoo
São Leopoldo
0
0
Comments
sign in to comment!
No comments posted yet!